 Dungeon Crawl Stone Soup version 0.28-a0-20-gdd470a43dd (webtiles) character file.

Game seed: 9631867298043426558

49 Jawa73 the Digger (level 3, 0/26 HPs)
             Began as a Ghoul Earth Elementalist on July 26, 2021.
             Killed from afar by an orc wizard (7 damage)
             ... with a magic dart
             ... on level 3 of the Dungeon.
             The game lasted 00:08:36 (2064 turns).

Jawa73 the Digger (Ghoul Earth Elementalist)        Turns: 2064, Time: 00:08:36

Health: 0/26       AC:  2    Str: 11    XL:     3   Next: 77%
Magic:  0/5        EV: 12    Int: 11    God:
Gold:   129        SH:  0    Dex:  9    Spells: 2/6 levels left

rFire   . . .      SeeInvis .   (no weapon)
rCold   + . .      Faith    .   (no shield)
rNeg    + + +      Spirit   .   b - +0 robe
rPois   ∞          Reflect  .   (no helmet)
rElec   .          Harm     .   (no cloak)
rCorr   .          Rampage  .   (no gloves)
Will    .....                   (no boots)
Stlth   ++........              (no amulet)
HPRegen 0.00/turn               (no ring)
MPRegen 0.09/turn               (no ring)

@: inhibited regen
A: claws 1, cold resistance 1, negative energy resistance 3, inhibited
regeneration, torment resistance 2
a: no special abilities


You were on level 3 of the Dungeon.
You visited 1 branch of the dungeon, and saw 3 of its levels.

You collected 129 gold pieces.

Inventory:

Missiles
 c - 75 stones
Armour
 b - a +0 robe (worn)
Wands
 a - a wand of paralysis (7)
Potions
 d - a potion of mutation {unknown}
 e - a potion of might
 f - a potion of ambrosia {unknown}


   Skills:
 * Level 2.2 Dodging
 - Level 2.1 Stealth
 * Level 2.4 Spellcasting
 - Level 1.0 Transmutations
 * Level 4.1 Earth Magic


You had 2 spell levels left.
You knew the following spells:

 Your Spells              Type           Power      Damage    Failure   Level
a - Sandblast             Erth           20%        2d7       4%          1
b - Stone Arrow           Conj/Erth      10%        3d7       34%         3

Your spell library contained the following spells:

 Spells                   Type           Power      Damage    Failure   Level
 Passwall                 Tmut/Erth      5%         N/A       14%         2
 Petrify                  Tmut/Erth      7%         N/A       67%         4


Dungeon Overview and Level Annotations

Branches:
Dungeon (3/15)

Altars:


Innate Abilities, Weirdness & Mutations

You thrive by killing the living.
You are immune to poison.
You have sharp fingernails.
Your flesh is cold resistant. (rC+)
You are immune to negative energy. (rN+++)
You do not regenerate when monsters are visible.
You are immune to unholy pain and torment.


Message History

The blast of sand hits the orc but does no damage.
The orc is lightly wounded.
The orc closely misses you.
The orc wizard mumbles some strange words.
The orc wizard flickers and vanishes!
Deactivating autopickup; reactivate with Ctrl-A.
Unknown command.
Aiming: Sandblast (safe; 4% risk of failure)
Press: ? - help, Q - select action, (/) - cycle Shift-Dir - straight line, f/p - orc
Aim: an orc, wielding a +1 mace of protection (lightly wounded, 79% to hit)
The blast of sand hits the orc.
The orc is moderately wounded.
The orc hits you with a +1 mace of protection.
You scratch the orc but do no damage.
The orc is moderately wounded.
The orc hits you with a +1 mace of protection.
You closely miss the orc.
The orc is moderately wounded.
The orc hits you with a +1 mace of protection.
Aiming: Sandblast (safe; 4% risk of failure)
Press: ? - help, Q - select action, (/) - cycle Shift-Dir - straight line, f/p - orc
Aim: an orc, wielding a +1 mace of protection (moderately wounded, 79% to hit)
The blast of sand hits the orc but does no damage.
The orc is moderately wounded.
The orc hits you with a +1 mace of protection!
* * * LOW HITPOINT WARNING * * *
The orc wizard mumbles some strange words.
The orc wizard flickers and vanishes!
There is a stone staircase leading down here.
Aiming: Sandblast (safe; 4% risk of failure)
Press: ? - help, Q - select action, (/) - cycle Shift-Dir - straight line, f/p - orc
Aim: an orc, wielding a +1 mace of protection (moderately wounded, 79% to hit)
The blast of sand hits the orc.
The orc is heavily wounded.
The orc misses you.
You scratch the orc but do no damage.
The orc is heavily wounded.
A magic dart appears from out of thin air!
The magic dart hits you!
You die...

##### #.... #.... ###############
#.... #.............# #....
#...@.........# #....
+...o.........# #....
#.............# #....
#####.....{.......# #....
#####.........{.......# #....
#.....................# ##.##
#.....................# #.#
#.....................# ##.##
#######.[..............######....


You could see an orc.

Vanquished Creatures
  An adder (D:2)
  2 dart slugs (D:2)
  An orc (D:3)
  5 bats
  3 endoplasms
  3 giant cockroaches
  4 goblins
  A hobgoblin (D:2)
  2 jackals (D:2)
  2 quokkas
  4 ball pythons
  2 frilled lizards (D:2)
  2 rats (D:2)
  5 toadstools (D:1)
37 creatures vanquished.

Vanquished Creatures (others)
  5 plants (D:1)
5 creatures vanquished.

Grand Total: 42 creatures vanquished

Notes
Turn   | Place    | Note
-------+----------+-------------------------------------------
     0 | D:1      | Jawa73 the Ghoul Earth Elementalist began the quest for the
                  | Orb.
     0 | D:1      | Reached XP level 1. HP: 14/14 MP: 2/2
   401 | D:1      | Reached XP level 2. HP: 16/20 MP: 0/3
   472 | D:1      | Found a faded altar of an unknown god.
  1123 | D:2      | Reached skill level 4 in Earth Magic
  1123 | D:2      | Reached XP level 3. HP: 26/26 MP: 2/5
  1471 | D:2      | Reached skill level 1 in Transmutations
  1874 | D:3      | Learned a level 3 spell: Stone Arrow
  2064 | D:3      | Killed from afar by an orc wizard

Illustrated notes

Levels and vault maps discovered:
D:1:      ldierk_walled_garden, layout_rooms, shapermc_ecumenical_altar_pompeii,
          kennysheep_doodads, minivault_19
D:2:      layout_loops_ring
D:3:      layout_basic, beargit_hepliaklqana_dungeon_heroes,
          kennysheep_cluttered_room, kennysheep_generic_room_16

Skill      XL: |  1  2  3 |
---------------+----------+-----
Dodging        | 2 |  2.2
Spellcasting   | 2 |  2.4
Earth Magic    | 4 |  4.1
Transmutations | 1 |  1.0
Stealth        | |  2.1

Action                   || total
-------------------------++-------
Melee: Unarmed           ||    31
 Cast: Sandblast         ||    55
  Use: Scroll            ||     3
Armor: Robe              ||     8
Dodge: Dodged            ||    15

Table legend: (Time is in decaauts)
 A = Elapsed time spent in this place.
 B = Non-inter-level travel time spent in this place.
 C = Inter-level travel time spent in this place.
 D = Time resting spent in this place.
 E = Time spent auto-exploring this place.
 F = Levels seen in this place.
 G = Mean time per level.
                   A        B        C        D        E       F      G
               +--------+--------+--------+--------+--------+-----+--------+
         Total |   2066 |   2016 |     50 |      0 |   1712 |   3 |  688.7 |
       Dungeon |   2066 |   2016 |     50 |      0 |   1712 |   3 |  688.7 |
               +--------+--------+--------+--------+--------+-----+--------+

Top non-repeatable levels by time:
     D:2: 1173 daAuts
     D:1: 626 daAuts
     D:3: 265 daAuts
